 Dungeon Crawl Stone Soup version 0.17-a0-670-g5d95ebd (console) character file.

180 hyperkellhus the Caller (level 5, -3/35 HPs)
             Began as a Vampire Summoner on Apr 18, 2015.
             Slain by a wight
             ... wielding a +2 vampiric halberd
              (9 damage)
             ... on level 4 of the Dungeon.
             The game lasted 00:13:09 (4647 turns).

hyperkellhus the Caller (Vampire Summoner)          Turns: 4647, Time: 00:13:09

Health: -3/35      AC:  2    Str: 12    XL:     5   Next: 33%
Magic:  3/9        EV: 12    Int: 23    God:
Gold:   115        SH:  0    Dex: 15    Spells: 3 memorised, 4 levels left

rFire  . . .     SeeInvis +     r - +0 spear
rCold  . . .     Clarity  .     a - +0 robe
rNeg   + . .     SustAb   +     (no shield)
rPois  .         Gourm    .     (no helmet)
rElec  .         Spirit   .     (no cloak)
rCorr  .         Warding  .     (no gloves)
rMut   .         Stasis   .     (no boots)
MR     .....                    (no amulet)
Stlth  ++........               (no ring)
                                i - ring of sustain abilities

@: mighty, brilliant, not resistant to hostile enchantments, unstealthy
A: fangs 3, see invisible, unbreathing
a: Bat Form


You were on level 4 of the Dungeon.
You were not thirsty.

You visited 1 branch of the dungeon, and saw 4 of its levels.

You collected 115 gold pieces.

Inventory:

Hand weapons
 d - a +0 hand axe
 l - a +0 rapier
 r - a +0 spear (weapon)
Missiles
 e - a throwing net (quivered)
 t - 4 curare-tipped needles
Armour
 a - a +0 robe (worn)
Jewellery
 i - a ring of sustain abilities (left hand)
Magical devices
 w - a wand of fire (0)
 x - a wand of digging (16)
 B - a wand of frost (13)
Scrolls
 g - 3 scrolls of identify {unknown}
 h - 2 scrolls of fog {unknown}
 j - a scroll of immolation {unknown}
 k - 2 scrolls of amnesia {unknown}
 o - a scroll of fear {unknown}
 p - a scroll of noise {unknown}
 s - a scroll of magic mapping {unknown}
 u - 3 scrolls of recharging {unknown}
 y - a scroll of blinking {unknown}
 A - a scroll of random uselessness {unknown}
 C - a scroll of enchant armour {unknown}
 D - 2 scrolls of enchant weapon {unknown}
 G - a scroll of teleportation {unknown}
Potions
 f - a potion of restore abilities {unknown}
 m - a potion of brilliance
 n - a potion of curing {unknown}
 q - 2 potions of might
 v - 2 potions of mutation {unknown}
 z - 2 potions of invisibility {unknown}
 E - a potion of berserk rage {unknown}
 F - a potion of degeneration {unknown}
Books
 b - a book of Callings

   Spells                             Type                      Level
   a - Summon Small Mammal            Summoning                    1
   b - Call Imp                       Summoning                    2
   c - Call Canine Familiar           Summoning                    3
   d - Summon Guardian Golem          Hexes/Summoning              3
   e - Summon Lightning Spire         Summoning/Air                4
   f - Summon Ice Beast               Ice/Summoning                4


   Skills:
 - Level 2.1 Dodging
 - Level 3.0 Stealth
 + Level 3.0 Spellcasting
 - Level 6.1 Summonings


You had 4 spell levels left.
You knew the following spells:

 Your Spells              Type           Power        Failure   Level  Hunger
a - Summon Small Mammal   Summ           ####         1%          1    None
b - Call Imp              Summ           #####...     1%          2    ##.....
c - Call Canine Familiar  Summ           #####...     1%          3    ###....


Dungeon Overview and Level Annotations

Branches:
Dungeon (4/15)
 Temple: D:4-7

Altars:
Ashenzari
Dithmenos
Gozag
Nemelex Xobeh
Qazlal
Sif Muna
Trog
Vehumet
Yredelemnul

Annotations:
D:1 exclusion: downstairs


Innate Abilities, Weirdness & Mutations

You have razor-sharp teeth.
You have supernaturally acute eyesight.
You can survive without breathing.


Message History

Your white imp dies!
The wight hits you from afar with a vampiric halberd.
* * * LOW HITPOINT WARNING * * *
Your hound misses the wight. The wight misses you.
Your crimson imp blinks!
Your crimson imp barely misses the wight.
Your hound closely misses the wight.
Press: ? - help, v - describe, . - travel
Here: a wight, wielding a vampiric halberd and wearing a robe (moderately damaged)
The floor.
Drink which item? (? for menu, Esc to quit)
Okay, then.
Evoke which item? (* to show all) (? for menu, Esc to quit)
Okay, then.
Drink which item? (? for menu, Esc to quit)
It was a potion of brilliance.
You feel clever all of a sudden. The wight misses you.
Your hound closely misses the wight.
The wight hits you from afar with a vampiric halberd!
You die...

######### #.......#
#@......#
#.z.....##########
#.zh.5..'.........
#..5....##########
#########...>.............
#.......#.......##########
#.......####.#...#
#.......##.....#.#
#.......##......<#


You could see 2 wights, a friendly hound and 2 friendly crimson imps.

Vanquished Creatures
  2 orcs (D:4)
  A bat (D:3)
  A goblin (D:3)
  3 jackals (D:2)
  A kobold (D:2)
  A quokka (D:3)
  A giant cockroach (D:3)
  A giant newt (D:1)
  A rat (D:2)
12 creatures vanquished.

Vanquished Creatures (collateral kills)
  An orc wizard (D:4)
  A worker ant (D:4)
  A giant frog skeleton (D:4)
  2 centaur skeletons
  A gnoll (D:2)
  3 adders (D:3)
  An ooze (D:2)
  An adder skeleton (D:4)
  A worm (D:2)
  7 orcs
  A bat (D:1)
  5 giant cockroaches
  4 goblins
  6 hobgoblins
  3 jackals (D:1)
  9 kobolds
  A quokka (D:3)
  2 giant newts (D:1)
  3 rats
53 creatures vanquished.

Vanquished Creatures (others)
  4 crimson imps (D:4)
  An orc wizard (D:4)
  3 white imps (D:4)
  7 quokkas
  4 bats
  14 rats
33 creatures vanquished.

Grand Total: 98 creatures vanquished

Notes
Turn   | Place    | Note
--------------------------------------------------------------
     0 | D:1      | hyperkellhus, the Vampire Summoner, began the quest for the Orb.
     0 | D:1      | Reached XP level 1. HP: 13/13 MP: 3/3
   705 | D:1      | Reached XP level 2. HP: 19/19 MP: 0/5
   946 | D:1      | Learned a level 2 spell: Call Imp
  1413 | D:2      | Found a sparkling altar of Nemelex Xobeh.
  1800 | D:2      | Reached skill level 5 in Summonings
  1800 | D:2      | Reached XP level 3. HP: 18/24 MP: 4/6
  2135 | D:3      | Found an opulent altar of Gozag.
  2137 | D:3      | Found a basalt altar of Yredelemnul.
  2140 | D:3      | Found a stormy altar of Qazlal.
  2140 | D:3      | Found a shattered altar of Ashenzari.
  2151 | D:3      | Found a bloodstained altar of Trog.
  2252 | D:3      | Found a shadowy altar of Dithmenos.
  2588 | D:3      | Learned a level 3 spell: Call Canine Familiar
  2662 | D:3      | Found a radiant altar of Vehumet.
  2904 | D:3      | Reached XP level 4. HP: 30/30 MP: 0/7
  3690 | D:4      | Reached skill level 6 in Summonings
  3922 | D:4      | Found a deep blue altar of Sif Muna.
  3997 | D:4      | Reached XP level 5. HP: 23/35 MP: 2/8
  4647 | D:4      | Slain by a wight

Action                   |  1- 3 |  4- 6 || total
-------------------------+-------+-------++-------
Melee: Hand axe          |    15 |       ||    15
       Spear             |    12 |    12 ||    24
 Cast: Summon Small Mamm |    98 |    30 ||   128
       Call Imp          |     8 |    23 ||    31
       Call Canine Famil |       |     1 ||     1
Evoke: Wand              |       |     4 ||     4
  Use: Potion            |       |     2 ||     2
  Eat: Corpse            |    11 |     5 ||    16
